Workbook

Sheet Costing Template
B5: NIHR Three Research Schools Prevention Programme Project Costing template
B6: Please complete sections in yellow
B7: Project Title:
B8: Lead School and Institution:
B9: Lead Researcher:
B10: Project Period: | C10: From | E10: Project Duration | J10: =(D11-D10)/365*12 -> 0 | L10: Months
C11: To | E11: Date Submitted:
B13: All Costs | C13: Please complete in NIHR financial years (April-March) | F13: 2022/23 | G13: 2023/24 | H13: 2024/25 | I13: 2025/26 | J13: 2026/27 | K13: 2027/28 | L13: Total
B14: Annual Cost of Posts
B15: Directly Allocated (DA) Research Staff Salaries | D15: Staff Grade | E15: FTE
B16: Name 1 = | F16: 0 | G16: 0 | H16: 0 | I16: 0 | J16: 0 | K16: 0 | L16: =SUM(F16:K16) -> 0
B17: Name 2 = | L17: =SUM(F17:K17) -> 0
B18: Name 3 = | L18: =SUM(F18:K18) -> 0
B19: Name 4 = | L19: =SUM(F19:K19) -> 0
B20: Name 5 = | L20: =SUM(F20:K20) -> 0
B21: Total Directly Allocated Staff salaries | F21: =SUM(F16:F20) -> 0 | G21: =SUM(G16:G20) -> 0 | H21: =SUM(H16:H20) -> 0 | I21: =SUM(I16:I20) -> 0 | J21: =SUM(J16:J20) -> 0 | K21: =SUM(K16:K20) -> 0 | L21: =SUM(L16:L20) -> 0
B22: Directly Incurred (DI) Staff Salaries | C22: Role | D22: Staff Grade | E22: FTE
B23: Name 1 = | I23: 0 | J23: 0 | K23: 0 | L23: =SUM(F23:K23) -> 0
B24: Name 2 = | L24: =SUM(F24:K24) -> 0
B25: Name 3 = | L25: =SUM(F25:K25) -> 0
B26: Name 4 = | L26: =SUM(F26:K26) -> 0
B27: Name 5 = | L27: =SUM(F27:K27) -> 0
B28: Name 6 = | L28: =SUM(F28:K28) -> 0
B29: Name 7 = | L29: =SUM(F29:K29) -> 0
B30: Name 8 = | L30: =SUM(F30:K30) -> 0
B31: Name 9 = | L31: =SUM(F31:K31) -> 0
B32: Name10 = | L32: =SUM(F32:K32) -> 0
B33: Directly Incurred Staff salaries - subtotal | F33: =SUM(F23:F32) -> 0 | G33: =SUM(G23:G32) -> 0 | H33: =SUM(H23:H32) -> 0 | I33: =SUM(I23:I32) -> 0 | J33: =SUM(J23:J32) -> 0 | K33: =SUM(K23:K32) -> 0 | L33: =SUM(L23:L32) -> 0
B34: Total Annual Cost of Posts | F34: =F21+F33 -> 0 | G34: =G21+G33 -> 0 | H34: =H21+H33 -> 0 | I34: =I21+I33 -> 0 | J34: =J21+J33 -> 0 | K34: =K21+K33 -> 0 | L34: =L21+L33 -> 0
B36: Directly Incurred Travel, Subsistence and Conference Fees costs
B37: Item 1= Travel | I37: 0 | J37: 0 | K37: 0 | L37: =SUM(F37:J37) -> 0
B38: Item 2= | L38: =SUM(F38:J38) -> 0
B39: Item 3= | L39: =SUM(F39:J39) -> 0
B40: Item 4= | L40: =SUM(F40:J40) -> 0
B41: Item 5= | L41: =SUM(F41:J41) -> 0
B42: Item 6= | L42: =SUM(F42:J42) -> 0
B43: Item 7= | L43: =SUM(F43:J43) -> 0
B44: Item 8= | L44: =SUM(F44:J44) -> 0
B45: Item 9= | L45: =SUM(F45:J45) -> 0
B46: Item 10= | L46: =SUM(F46:J46) -> 0
B47: Total Directly Incurred Travel, Subsistence and Conference Fees costs | F47: =SUM(F37:F46) -> 0 | G47: =SUM(G37:G46) -> 0 | H47: =SUM(H37:H46) -> 0 | I47: =SUM(I37:I46) -> 0 | J47: =SUM(J37:J46) -> 0 | L47: =SUM(F47:K47) -> 0
B49: Directly Incurred Equipment costs
B50: Item 1= | F50: 0 | G50: 0 | H50: 0 | I50: 0 | J50: 0 | K50: 0 | L50: =SUM(F50:K50) -> 0
B51: Item 2= | L51: =SUM(F51:K51) -> 0
B52: Item 3= | L52: =SUM(F52:K52) -> 0
B53: Item 4= | L53: =SUM(F53:K53) -> 0
B54: Total Directly Incurred Equipment costs | F54: =SUM(F50:F53) -> 0 | G54: =SUM(G50:G53) -> 0 | H54: =SUM(H50:H53) -> 0 | I54: =SUM(I50:I53) -> 0 | J54: =SUM(J50:J53) -> 0 | K54: =SUM(K50:K53) -> 0 | L54: =SUM(L50:L53) -> 0
B56: Directly Incurred Consumables costs
B57: Item 1= | F57: 0 | G57: 0 | H57: 0 | I57: 0 | J57: 0 | K57: 0 | L57: =SUM(F57:K57) -> 0
B58: Item 2= | L58: =SUM(F58:K58) -> 0
B59: Item 3= | L59: =SUM(F59:K59) -> 0
B60: Item 4= | L60: =SUM(F60:K60) -> 0
B61: Item 5= | L61: =SUM(F61:K61) -> 0
B62: Item 6= | L62: =SUM(F62:K62) -> 0
B63: Total Directly Incurred Consumables costs | F63: =SUM(F57:F62) -> 0 | G63: =SUM(G57:G62) -> 0 | H63: =SUM(H57:H62) -> 0 | I63: =SUM(I57:I62) -> 0 | J63: =SUM(J57:J62) -> 0 | K63: =SUM(K57:K62) -> 0 | L63: =SUM(L57:L62) -> 0
B65: Directly Incurred Public/Community Involvement & Engagement costs (please include costs associated with EDI here too)
B66: Item 1= | F66: 0 | G66: 0 | H66: 0 | I66: 0 | J66: 0 | K66: 0 | L66: =SUM(F66:J66) -> 0
B67: Item 2= | L67: =SUM(F67:J67) -> 0
B68: Item 3= | L68: =SUM(F68:J68) -> 0
B69: Item 4= | L69: =SUM(F69:J69) -> 0
B70: Item 5= | L70: =SUM(F70:J70) -> 0
B71: Total Directly Incurred Public/Community Involvement & Engagement costs and EDI | F71: =SUM(F66:F70) -> 0 | G71: =SUM(G66:G70) -> 0 | H71: =SUM(H66:H70) -> 0 | I71: =SUM(I66:I70) -> 0 | J71: =SUM(J66:J70) -> 0 | K71: =SUM(K66:K70) -> 0 | L71: =SUM(L66:L70) -> 0
B73: Directly Incurred Patent & Legal costs
B74: Item 1= | F74: 0 | G74: 0 | H74: 0 | I74: 0 | J74: 0 | K74: 0 | L74: =SUM(F74:K74) -> 0
B75: Item 2= | L75: =SUM(F75:K75) -> 0
B76: Total Directly Incurred Patent & Legal costs | F76: =SUM(F74:F75) -> 0 | G76: =SUM(G74:G75) -> 0 | H76: =SUM(H74:H75) -> 0 | I76: =SUM(I74:I75) -> 0 | J76: =SUM(J74:J75) -> 0 | K76: =SUM(K74:K75) -> 0 | L76: =SUM(L74:L75) -> 0
B78: Directly Incurred Sub-Contract costs
B79: Item 1= | F79: 0 | G79: 0 | H79: 0 | I79: 0 | J79: 0 | K79: 0 | L79: =SUM(F79:K79) -> 0
B80: Item 2= | L80: =SUM(F80:K80) -> 0
B81: Directly Incurred Sub-Contract costs | F81: =SUM(F79:F80) -> 0 | G81: =SUM(G79:G80) -> 0 | H81: =SUM(H79:H80) -> 0 | I81: =SUM(I79:I80) -> 0 | J81: =SUM(J79:J80) -> 0 | K81: =SUM(K79:K80) -> 0 | L81: =SUM(L79:L80) -> 0
B83: Directly Incurred Other costs (Please itemise)
B84: Item 1= | F84: 0 | G84: 0 | H84: 0 | I84: 0 | J84: 0 | K84: 0 | L84: =SUM(F84:K84) -> 0
B85: Item 2= | L85: =SUM(F85:K85) -> 0
B86: Item 3= | L86: =SUM(F86:K86) -> 0
B87: Item 4= | L87: =SUM(F87:K87) -> 0
B88: Item 5= | L88: =SUM(F88:K88) -> 0
B89: Item 6= | L89: =SUM(F89:K89) -> 0
B90: Item 7= | L90: =SUM(F90:K90) -> 0
B91: Item 8= | L91: =SUM(F91:K91) -> 0
B92: Item 9= | L92: =SUM(F92:K92) -> 0
B93: Item 10= | L93: =SUM(F93:K93) -> 0
B94: Other costs | F94: =SUM(F84:F93) -> 0 | G94: =SUM(G84:G93) -> 0 | H94: =SUM(H84:H93) -> 0 | I94: =SUM(I84:I93) -> 0 | J94: =SUM(J84:J93) -> 0 | K94: =SUM(K84:K93) -> 0 | L94: =SUM(L84:L93) -> 0
B96: Indirect costs / Overhead
B97: Total Indirect / Overhead costs | F97: 0 | G97: 0 | H97: =H34*0.3 -> 0 | I97: =I34*0.3 -> 0 | J97: =J34*0.3 -> 0 | K97: =K34*0.3 -> 0 | L97: =L34*0.3 -> 0
B98: Total Project costs | F98: 0 | G98: =G34+G47+G54+G63+G71+G76+G81+G94+G97 -> 0 | H98: =H34+H47+H54+H63+H71+H76+H81+H94+H97 -> 0 | I98: =I34+I47+I54+I63+I71+I76+I81+I94+I97 -> 0 | J98: =J34+J47+J54+J63+J71+J76+J81+J94+J97 -> 0 | K98: =K34+K47+K54+K63+K71+K76+K81+K94+K97 -> 0 | L98: =L34+L47+L54+L63+L71+L76+L81+L94+L97 -> 0

Sheet Project Summary
B1: NIHR School for Public Health Research Project Summary
B3: PLEASE COMPLETE all sections of 'Costing Template' worksheet to update this budget summary
B4: Project Title: | C4: ='Costing Template'!C7:I7 -> 0
B5: Lead Member (Institution): | C5: ='Costing Template'!C8:I8 -> 0
B6: Lead Researcher: | C6: ='Costing Template'!C9:I9 -> 0
B7: Project Period: | C7: From | D7: ='Costing Template'!D10 -> 0 | E7: Project Duration | G7: =(D8-D7)/365*12 -> 0 | H7: Months
C8: To | D8: ='Costing Template'!D11 -> 0 | E8: Date Submitted: | H8: ='Costing Template'!J11 -> 0
B10: Financial Year | C10: Forecast Expenditure in 2022/2023 £ | D10: Forecast Expenditure in 2023/24 £ | E10: Forecast Expenditure in 2024/25 £ | F10: Forecast Expenditure in 2025/26 £ | G10: Forecast Expenditure in 2026/27 £ | H10: Total
B11: Direct costs
B12: Directly Allocated (DA) staff | C12: ='Costing Template'!F21 -> 0 | D12: ='Costing Template'!G21 -> 0 | E12: ='Costing Template'!H21 -> 0 | F12: ='Costing Template'!I21 -> 0 | G12: 0 | H12: =SUM(C12:G12) -> 0 | I12: =IFERROR((H12/$H$24), "Please enter figures on costing template") -> Please enter figures on costing template
B13: Directly Incurred (DI) staff | C13: 0 | D13: 0 | E13: 0 | F13: ='Costing Template'!I33 -> 0 | G13: 0 | H13: =SUM(C13:G13) -> 0 | I13: =IFERROR((H13/$H$24), "Please enter figures on costing template") -> Please enter figures on costing template
B14: Travel, Subsistence & Conference fees | C14: 0 | D14: 0 | E14: 0 | F14: ='Costing Template'!I47 -> 0 | G14: ='Costing Template'!J47 -> 0 | H14: =SUM(C14:G14) -> 0 | I14: =IFERROR((H14/$H$24), "Please enter figures on costing template") -> Please enter figures on costing template
B15: Equipment | C15: ='Costing Template'!F54 -> 0 | D15: ='Costing Template'!G54 -> 0 | E15: ='Costing Template'!H54 -> 0 | F15: ='Costing Template'!I54 -> 0 | G15: ='Costing Template'!J54 -> 0 | H15: =SUM(C15:G15) -> 0 | I15: =IFERROR((H15/$H$24), "Please enter figures on costing template") -> Please enter figures on costing template
B16: Consumables | C16: ='Costing Template'!F63 -> 0 | D16: ='Costing Template'!G63 -> 0 | E16: ='Costing Template'!H63 -> 0 | F16: ='Costing Template'!I63 -> 0 | G16: ='Costing Template'!J63 -> 0 | H16: =SUM(C16:G16) -> 0 | I16: =IFERROR((H16/$H$24), "Please enter figures on costing template") -> Please enter figures on costing template
B17: Public/Community Involvement & Engagement and EDI | C17: ='Costing Template'!F71 -> 0 | D17: ='Costing Template'!G71 -> 0 | E17: ='Costing Template'!H71 -> 0 | F17: ='Costing Template'!I71 -> 0 | G17: ='Costing Template'!J71 -> 0 | H17: =SUM(C17:G17) -> 0 | I17: =IFERROR((H17/$H$24), "Please enter figures on costing template") -> Please enter figures on costing template
B18: Patent & Legal | C18: ='Costing Template'!F76 -> 0 | D18: ='Costing Template'!G76 -> 0 | E18: ='Costing Template'!H76 -> 0 | F18: ='Costing Template'!I76 -> 0 | G18: ='Costing Template'!J76 -> 0 | H18: =SUM(C18:G18) -> 0 | I18: =IFERROR((H18/$H$24), "Please enter figures on costing template") -> Please enter figures on costing template
B19: Sub-contracts | C19: ='Costing Template'!F81 -> 0 | D19: ='Costing Template'!G81 -> 0 | E19: ='Costing Template'!H81 -> 0 | F19: ='Costing Template'!I81 -> 0 | G19: ='Costing Template'!J81 -> 0 | H19: =SUM(C19:G19) -> 0 | I19: =IFERROR((H19/$H$24), "Please enter figures on costing template") -> Please enter figures on costing template
B20: Other direct costs | C20: ='Costing Template'!F94 -> 0 | D20: ='Costing Template'!G94 -> 0 | E20: ='Costing Template'!H94 -> 0 | F20: ='Costing Template'!I94 -> 0 | G20: ='Costing Template'!J94 -> 0 | H20: =SUM(C20:G20) -> 0 | I20: =IFERROR((H20/$H$24), "Please enter figures on costing template") -> Please enter figures on costing template
B21: Total project costs (before indirects) | C21: =SUM(C12:C20) -> 0 | D21: =SUM(D12:D20) -> 0 | E21: =SUM(E12:E20) -> 0 | F21: =SUM(F12:F20) -> 0 | G21: =SUM(G12:G20) -> 0 | H21: =SUM(H12:H20) -> 0
B22: Indirect costs
B23: Indirect /overhead | C23: ='Costing Template'!F97 -> 0 | D23: ='Costing Template'!G97 -> 0 | E23: ='Costing Template'!H97 -> 0 | F23: ='Costing Template'!I97 -> 0 | G23: ='Costing Template'!J97 -> 0 | H23: =SUM(C23:G23) -> 0 | I23: =IFERROR((H23/$H$24), "Please enter figures on costing template") -> Please enter figures on costing template
B24: Total Project costs | C24: =SUM(C12:C20)+SUM(C23:C23) -> 0 | D24: =SUM(D12:D20)+SUM(D23:D23) -> 0 | E24: =SUM(E12:E20)+SUM(E23:E23) -> 0 | F24: =SUM(F12:F20)+SUM(F23:F23) -> 0 | G24: =SUM(G12:G20)+SUM(G23:G23) -> 0 | H24: =SUM(C24:G24) -> 0
B27: DA staff cost check (% of project total) | C27: =H12/H24*100 -> #DIV/0!
